 Dungeon Crawl Stone Soup version 0.20.1-1-g8b1a95d (webtiles) character file.

123 Jannitor the Sneak (level 5, 0/27 HPs)
             Began as a Vine Stalker Assassin on Aug 24, 2017.
             Slain by a bullfrog (5 damage)
             ... on level 4 of the Dungeon.
             The game lasted 00:03:49 (2056 turns).

Jannitor the Sneak (Vine Stalker Assassin)          Turns: 2056, Time: 00:03:50

Health: 0/27       AC:  5    Str: 14    XL:     5   Next: 7%
Magic:  0/6        EV: 13    Int: 17    God:
Gold:   88         SH:  0    Dex: 16    Spells: 4/4 levels left

rFire    . . .     SeeInvis .   h - +2 short sword (drain)
rCold    . . .     Gourm    .   (no shield)
rNeg     . . .     Faith    .   c - +0 robe
rPois    .         Spirit   +   C - +0 helmet
rElec    .         Reflect  .   d - +0 cloak
rCorr    .         Harm     .   s - +0 pair of gloves (curse)
MR       .....                  (no boots)
Stlth    +++.......             j - amulet of rage
Regen    0.5/turn               i - +6 ring of intelligence
MPRegen  0.1/turn               (no ring)

@: no status effects
A: fangs 2, regeneration 1, magic shield, antimagic bite, no potion heal 3, rot
immunity
a: Evoke Berserk Rage


You were on level 4 of the Dungeon.
You were hungry.

You visited 1 branch of the dungeon, and saw 4 of its levels.

You collected 88 gold pieces.

Inventory:

Hand Weapons
 a - a +2 dagger
 b - a +0 blowgun
 h - a +2 short sword of draining (weapon)
Missiles
 e - 18 poisoned needles
 f - 2 curare-tipped needles
Armour
 c - a +0 robe (worn)
 d - a +0 cloak (worn)
 q - a +0 ring mail of cold resistance
 s - a cursed +0 pair of gloves (worn)
 C - a +0 helmet (worn)
Jewellery
 i - a +6 ring of intelligence (left hand)
 j - an amulet of rage (around neck)
 o - an uncursed amulet of harm {unknown}
 y - a cursed ring of teleportation {unknown}
Wands
 p - a wand of polymorph (12/24)
Scrolls
 l - 2 scrolls of random uselessness {unknown}
 r - a scroll of enchant weapon {unknown}
 t - 2 scrolls of remove curse {unknown}
 w - 2 scrolls of recharging {unknown}
 x - a scroll of identify {unknown}
 A - a scroll of teleportation {unknown}
Potions
 k - 3 potions of curing {unknown}
 m - 2 potions of invisibility {unknown}
 u - a potion of might {unknown}
 z - a potion of agility {unknown}
 B - a potion of mutation {unknown}
 D - a potion of haste {unknown}
Comestibles
 g - a bread ration
 n - a meat ration
 v - 2 fruits


   Skills:
 + Level 2.7 Fighting
 + Level 2.5 Short Blades
 - Level 1.7 Throwing
 + Level 2.0 Dodging
 + Level 5.8 Stealth


You had 4 spell levels left.
You didn't know any spells.

Dungeon Overview and Level Annotations

Branches:
Dungeon (4/15)             Temple (0/1) D:4

Altars:
Elyvilon
Zin
The Shining One


Innate Abilities, Weirdness & Mutations

You have extremely sharp teeth.
Your natural rate of healing is unusually fast.
When hurt, damage is shared between your health and your magic reserves.
Your bite disrupts and absorbs the magic of your enemies.
Potions cannot restore your health.
You are immune to rotting.


Message History

You puncture the bullfrog skeleton! Your bite misses the bullfrog skeleton.
The bullfrog skeleton is heavily damaged.
The bullfrog skeleton hits you.
The bullfrog skeleton barely misses you.
You feel sick. The bullfrog skeleton hits you.
You feel sick.
The bullfrog croaks.
The bullfrog skeleton misses you.
You feel sick. The bullfrog hits you.
* * * LOW HITPOINT WARNING * * *
The bullfrog misses you.
The bullfrog skeleton hits you but does no damage.
The bullfrog hits you.
* * * LOW HITPOINT WARNING * * *
There is a stone staircase leading up here.
You feel sick.
You are no longer poisoned.
The bullfrog hits you!
You die...

⌠.⌠.?...###
.8.8...... .......#
#?###....#
#........#
..######..#.#
.........a#a#
........FZ#.#
#######..@#.#######
#.###........
#.a....######
######.# .# .# .#
.# .#


You could see a bullfrog, a worker ant and a bullfrog skeleton.

Vanquished Creatures
  Terence (D:2)
  2 adders (D:2)
  An ooze (D:1)
  A worm (D:2)
  3 dart slugs
  An orc (D:3)
  A ball python (D:1)
  4 giant cockroaches
  8 goblins
  7 hobgoblins
  2 jackals (D:3)
  12 kobolds
  2 quokkas (D:2)
  5 bats
  7 frilled lizards
  9 rats
66 creatures vanquished.

Notes
Turn   | Place    | Note
-------+----------+-------------------------------------------
     0 | D:1      | Jannitor the Vine Stalker Assassin began the quest for the Orb.
     0 | D:1      | Reached XP level 1. HP: 11/11 MP: 2/2
    50 | D:1      | Reached skill level 1 in Dodging
   153 | D:1      | Reached XP level 2. HP: 15/15 MP: 3/3
   164 | D:1      | Reached skill level 5 in Stealth
   443 | D:1      | Reached XP level 3. HP: 17/18 MP: 4/4
   830 | D:2      | Noticed Terence
   839 | D:2      | Killed Terence
   839 | D:2      | Gained mutation: Your natural rate of healing is unusually fast. [Vine Stalker growth]
   839 | D:2      | Reached XP level 4. HP: 11/23 MP: 5/5
  1622 | D:3      | Reached XP level 5. HP: 27/27 MP: 6/6
  1674 | D:3      | Found a glowing golden altar of the Shining One.
  1675 | D:3      | Found a white marble altar of Elyvilon.
  1676 | D:3      | Found a glowing silver altar of Zin.
  2029 | D:4      | Found a staircase to the Ecumenical Temple.
  2056 | D:4      | Slain by a bullfrog

Skill      XL: |  1  2  3  4  5 |
---------------+----------------+-----
Dodging        | 1 2 |  2.0
Fighting       | 2 |  2.7
Stealth        | 5 |  5.8
Short Blades   | 2 |  2.5
Throwing       | |  1.7

Action                   |  1- 3 |  4- 6 || total
-------------------------+-------+-------++-------
Melee: Dagger            |     5 |       ||     5
       Short sword       |    57 |    59 ||   116
       Bite              |     9 |    12 ||    21
 Abil: Evoke Berserk Rag |     1 |       ||     1
 Stab: Sleeping          |    11 |     9 ||    20
  Eat: Chunk             |       |     4 ||     4
Armor: Robe              |    14 |    11 ||    25
Dodge: Dodged            |    26 |    36 ||    62
